 Dungeon Crawl Stone Soup version 0.18-a0-844-g9229740 (webtiles) character file.

28 cluie the Magician (level 2, -2/21 HPs)
             Began as a Demonspawn Wizard on Dec 18, 2015.
             Slain by an adder (3 damage)
             ... on level 2 of the Dungeon.
             The game lasted 00:01:47 (1629 turns).

cluie the Magician (Demonspawn Wizard)              Turns: 1629, Time: 00:01:48

Health: -2/21      AC:  2    Str:  7    XL:     2   Next: 96%
Magic:  2/6        EV: 12    Int: 19    God:
Gold:   81         SH:  0    Dex: 11    Spells: 1 memorised, 6 levels left

rFire  . . .     SeeInvis .     f - +0 club
rCold  . . .     Gourm    .     a - +0 robe
rNeg   . . .     Faith    .     (no shield)
rPois  .         Spirit   .     b - +0 hat
rElec  .         Dismiss  .     (no cloak)
rCorr  .         Reflect  .     (no gloves)
SustAt .         Harm     .     (no boots)
MR     .....                    (no amulet)
Stlth  ++........               (no ring)
                                (no ring)

@: lethally poisoned (-2 -> -10), very slightly contaminated, not resistant to
hostile enchantments, unstealthy
A: talons 1
a: no special abilities


You were on level 2 of the Dungeon.
You were not hungry.

You visited 1 branch of the dungeon, and saw 2 of its levels.

You collected 81 gold pieces.

Inventory:

Hand Weapons
 f - a +0 club (weapon)
Missiles
 h - 8 curare-tipped needles
Armour
 a - a +0 robe (worn)
 b - a +0 hat (worn)
Scrolls
 e - a scroll of enchant armour {unknown}
 g - 2 scrolls of remove curse {unknown}
 l - a scroll of random uselessness {unknown}
 m - 2 scrolls of enchant weapon {unknown}
Potions
 i - a potion of flight {unknown}
 k - a potion of brilliance {unknown}
Books
 c - a book of Minor Magic

   Spells                             Type                      Level
   a - Magic Dart                     Conjuration                  1
   b - Blink                          Translocation                2
   c - Call Imp                       Summoning                    2
   d - Repel Missiles                 Charms/Air                   2
   e - Slow                           Hexes                        2
   f - Conjure Flame                  Conjuration/Fire             3
   g - Mephitic Cloud                 Conjuration/Poison/Air       3
Comestibles
 d - a bread ration
 j - 3 beef jerkies
 n - 2 chunks of flesh


   Skills:
 + Level 1.2 Fighting
 + Level 2.0 Dodging
 - Level 1.7 Stealth
 + Level 3.2 Spellcasting
 * Level 1.8 Conjurations
   Level 1.0 Summonings
   Level 0.8 Translocations


You had 6 spell levels left.
You knew the following spells:

 Your Spells              Type           Power        Failure   Level  Hunger
a - Magic Dart            Conj           #...         10%         1    None


Dungeon Overview and Level Annotations

Branches:
Dungeon (2/15)

Altars:


Innate Abilities, Weirdness & Mutations

You have sharp toenails.


Message History

Confirm with . or Enter, or press ? or * to list all spells.
Aiming: Magic Dart
Press: ? - help, Shift-Dir - straight line, f - bat
Aim: a bat The magic dart hits the bat.
The bat is severely wounded.
The bat barely misses you. The adder bites you.
* * * LOW HITPOINT WARNING * * *
You are lethally poisoned!
The adder poisons you!
Casting: Magic Dart
Confirm with . or Enter, or press ? or * to list all spells.
Aiming: Magic Dart
Press: ? - help, Shift-Dir - straight line, f/p - bat
Aim: a bat (severely wounded)
The magic dart hits the bat.
You kill the bat!
* * * LOW HITPOINT WARNING * * *
You feel sick. The adder bites you.
You die... #.P.P.P.PPP.P#### #.P.P.P.P...P##.. #.PPP.PPP.PPP##.#

##.P.....[...P....
#####..PPP.P.PPP.P....
#.......†..P.P.P.P##.#
#......P.P.P.P.P.P##.#
#.###..P.P.P.P.....#.#
####.###@#PPP.PPPPPPP.#.#
......lS†#.##...........#
##.....#..#####..#.####.#
#.....#...# #.#.#. #.#
#......###<.#...... #.#
....... .#..####. #.#
....... ....# #.# .......
#.## #.# ....... (. .#


You could see an adder and a giant gecko.

Vanquished Creatures
  A giant gecko (D:2)
  5 goblins (D:1)
  5 hobgoblins
  2 jackals (D:1)
  7 bats
  A giant newt (D:1)
  3 kobolds
  2 rats (D:1)
26 creatures vanquished.

Notes
Turn   | Place    | Note
--------------------------------------------------------------
     0 | D:1      | cluie the Demonspawn Wizard began the quest for the Orb.
     0 | D:1      | Reached XP level 1. HP: 13/13 MP: 4/4
   382 | D:1      | Gained mutation: You have sharp toenails. [demonic ancestry]
   382 | D:1      | Reached XP level 2. HP: 14/20 MP: 0/6
   566 | D:1      | Reached skill level 1 in Fighting
  1629 | D:2      | HP: 1/21 [poisoned by an adder]
  1629 | D:2      | Slain by an adder

Vault maps used:
D:1:      lemuel_arrival_funnel
D:2:      minmay_hedge_maze, hangedman_abyss_or_decor_stabs

Action                   || total
-------------------------++-------
Melee: Unarmed           ||    17
       Club              ||    81
 Cast: Magic Dart        ||    23
  Use: Scroll            ||     2
 Stab: Sleeping          ||     4
  Eat: Chunk             ||     2
